 Dungeon Crawl Stone Soup version 0.18.1-47-g9310371 (webtiles) character file.

60 Gargoyl the Skirmisher (level 3, -3/29 HPs)
             Began as a Demonspawn Abyssal Knight on June 16, 2016.
             Was a Believer of Lugonu.
             Killed from afar by Natasha (5 damage)
             ... with a magic dart
             ... on level 2 of the Dungeon.
             The game lasted 00:02:47 (1229 turns).

Gargoyl the Skirmisher (Demonspawn Abyssal Knight)  Turns: 1229, Time: 00:02:48

Health: -3/29      AC: 13    Str: 13    XL:     3   Next: 80%
Magic:  3/4        EV:  1    Int: 13    God:    Lugonu [**....]
Gold:   54         SH:  7    Dex: 12    Spells: 0 memorised, 2 levels left

rFire  . . .     SeeInvis .     a - +1 hand axe
rCold  . . .     Gourm    .     f - +0 plate armour
rNeg   . . .     Faith    .     b - +0 shield
rPois  .         Spirit   .     (no helmet)
rElec  .         Dismiss  .     (no cloak)
rCorr  .         Reflect  .     (no gloves)
SustAt .         Harm     .     (no boots)
MR     .....                    (no amulet)
Stlth  ..........               (no ring)
                                (no ring)

@: flying, not resistant to hostile enchantments, extremely unstealthy
A: talons 1, slimy green scales 1
a: Depart the Abyss, Bend Space, Renounce Religion


You were on level 2 of the Dungeon.
You worshipped Lugonu.
Lugonu was pleased with you.
You were hungry.

You visited 1 branch of the dungeon, and saw 2 of its levels.
You visited the Abyss 1 time.

You collected 54 gold pieces.

Inventory:

Hand Weapons
 a - a +1 hand axe (weapon)
Armour
 b - a +0 shield (worn)
 f - a +0 plate armour (worn)
Scrolls
 d - 2 scrolls of identify {unknown}
 g - 2 scrolls of remove curse {unknown}
 h - 4 scrolls of amnesia {unknown}
 i - a scroll of teleportation {unknown}
 j - a scroll of magic mapping {unknown}
 l - a scroll of fog {unknown}
 m - a scroll of enchant armour {unknown}
Potions
 e - a potion of flight
Comestibles
 c - a bread ration
 k - 2 fruits


   Skills:
 + Level 3.6 Fighting
 + Level 1.8 Axes
 * Level 2.4 Armour
 + Level 1.7 Dodging
 + Level 0.5 Shields
 + Level 2.6 Invocations


You had 2 spell levels left.
You didn't know any spells.

Dungeon Overview and Level Annotations

Branches:
Dungeon (2/15)

Altars:

Annotations:
D:2 Natasha


Innate Abilities, Weirdness & Mutations

You have sharp toenails.
You are partially covered in slimy green scales (AC +2).


Message History

You feel very buoyant.
You fly up into the air.
The iron imp hits you.
* * * LOW HITPOINT WARNING * * *
Natasha claws you but does no damage.
You hit Natasha but do no damage. You hit the iron imp but do no damage.
The iron imp is moderately wounded.
Natasha claws you but does no damage.
The iron imp laughs crazily.
You block the iron imp's attack.
Your plate armour prevents you from hitting Natasha.
You claw Natasha, but do no damage. You hit the iron imp.
The iron imp is heavily wounded.
Natasha claws you but does no damage. The iron imp hits you.
* * * LOW HITPOINT WARNING * * *
Space bends around you!
You blink.
* * * LOW HITPOINT WARNING * * *
You feel slightly more hungry.
Natasha stares at you and mumbles some strange words.
The magic dart hits you!
You die...

#.#####.#
#############.# #.#
#.............# #.#
#.#################.#
#.# ............#
#ยง#####
........##### #5h...#
........##### #.....#
........'.... #...@.#
........##### #.....#
............. #.....#
.........#### #.....#
.........####
.......+
.............
..#.....#
.##########..
####.#####
........... ..
.......... ..#####.#.


You could see an iron imp and Natasha.

Vanquished Creatures
  An ooze (D:1)
  An adder skeleton (D:2)
  3 worms (D:2)
  A dart slug (D:1)
  3 giant geckos (D:1)
  4 bats
  3 giant cockroaches (D:1)
  6 goblins
  7 hobgoblins
  2 giant newts (D:1)
  2 kobolds (D:1)
  4 rats
37 creatures vanquished.

Notes
Turn   | Place    | Note
--------------------------------------------------------------
     0 | Abyss:1  | Gargoyl the Demonspawn Abyssal Knight began the quest for the Orb.
     0 | Abyss:1  | Reached XP level 1. HP: 18/18 MP: 2/2
    86 | Abyss:1  | Noticed a deep elf elementalist
    86 | D:1      | Escaped the Abyss
   101 | D:1      | Reached skill level 1 in Dodging
   103 | D:1      | Reached * piety under Lugonu
   103 | D:1      | Gained mutation: You are partially covered in slimy green scales (AC +2). [demonic ancestry]
   103 | D:1      | Reached XP level 2. HP: 23/24 MP: 3/3
   431 | D:1      | Gained mutation: You have sharp toenails. [demonic ancestry]
   431 | D:1      | Reached XP level 3. HP: 27/29 MP: 4/4
  1219 | D:2      | Noticed Natasha
  1222 | D:2      | Reached ** piety under Lugonu
  1229 | D:2      | Killed from afar by Natasha

Skill      XL: |  1  2 |
---------------+-------+-----
Dodging        | 1 |  1.7
Armour         | 2 |  2.4
Fighting       | |  3.6
Axes           | |  1.8
Shields        | |  0.5
Invocations    | |  2.6

Action                   || total
-------------------------++-------
Melee: Hand axe          ||   152
       Kick              ||    26
Invok: Depart the Abyss  ||     1
       Bend Space        ||     1
  Use: Potion            ||     2
  Eat: Chunk             ||     1
Armor: Ring mail         ||    35
       Plate armour      ||    82
Dodge: Dodged            ||    26
Block: Shield            ||    40
